 Dungeon Crawl Stone Soup version 0.29-a0-321-gf1c400731a (webtiles) character file.

Game seed: 4532004901461534820

577 Murumi the Covert (level 7, -7/41 HPs)
             Began as a Vampire Monk on Apr 5, 2022.
             Was a Believer of Okawaru.
             Mangled by an orc warrior
             ... wielding a +0 short sword
              (10 damage)
             ... on level 5 of the Dungeon.
             The game lasted 00:13:33 (4877 turns).

Murumi the Covert (Vampire Monk)                    Turns: 4877, Time: 00:13:33

Health: -7/41      AC:  8    Str: 16    XL:     7   Next: 13%
Magic:  0/7        EV: 12    Int: 13    God:    Okawaru [**....]
Gold:   234        SH:  0    Dex: 18    Spells: 6/6 levels left

rFire   . . .      SeeInvis +   a - +1 falchion
rCold   + + .      Faith    .   (no shield)
rNeg    + + +      Spirit   +   f - +1 scale mail
rPois   ∞          Reflect  .   (no helmet)
rElec   .          Harm     .   k - +0 cloak
rCorr   +          Rampage  .   (no gloves)
Will    .....                   (no boots)
Stlth   +++++.....              i - amulet of guardian spirit
HPRegen 0.00/turn               h - +6 ring of strength
MPRegen 0.10/turn               j - ring of resist corrosion

@: bloodless, inhibited regen
A: bloodless, fangs 3, see invisible, vampiric 2
a: Bat Form, Revivify, Renounce Religion, Heroism


You were on level 5 of the Dungeon.
You worshipped Okawaru.
Okawaru was pleased with you.
You visited 2 branches of the dungeon, and saw 6 of its levels.

You collected 234 gold pieces.

Inventory:

Hand Weapons
 a - a +1 falchion (weapon)
Armour
 f - a +1 scale mail (worn)
 k - a +0 cloak (worn)
Jewellery
 h - a +6 ring of strength (left hand)
 i - an amulet of guardian spirit (around neck)
 j - a ring of resist corrosion (right hand)
Scrolls
 g - a scroll of teleportation
 l - 4 scrolls of identify
 m - a scroll of enchant armour
Potions
 c - 2 potions of ambrosia
 d - a potion of cancellation
 e - 2 potions of curing
 n - a potion of brilliance


   Skills:
 - Level 3.0 Fighting
 - Level 4.0 Long Blades
 + Level 2.1 Armour
 - Level 5.0 Dodging
 - Level 9.0 Stealth


You had 6 spell levels left.
You didn't know any spells.
Your spell library contained the following spells:

 Spells                   Type           Power      Damage    Failure   Level
 Pain                     Necr           0%         1d4       75%         1
 Sandblast                Erth           0%         2d4       75%         1
 Static Discharge         Conj/Air       0%         N/A       86%         2
 Agony                    Necr           0%         N/A       100%        5
 Excruciating Wounds      Necr           0%         N/A       100%        5
 Lightning Bolt           Conj/Air       0%         1d11      100%        5
 Maxwell's Capacitive Co  Air            0%         ∞         100%        8


Dungeon Overview and Level Annotations

Branches:
Dungeon (5/15)             Temple (1/1) D:4

Altars:
Cheibriados
Fedhas
Gozag
Kikubaaqudgha
Nemelex Xobeh
Okawaru
Qazlal
Ru
Sif Muna
Trog
Uskayaw
Vehumet
Xom
Zin
The Shining One

Shops:
D:1 [


Innate Abilities, Weirdness & Mutations

You do not regenerate when monsters are visible.
You are frail without blood (-20% HP).
You can heal yourself when you bite living creatures.
You are immune to poison.
You have razor-sharp teeth.
You have supernaturally acute eyesight. (SInv)
You are afflicted with vampirism and can become a bat while bloodless.


Message History

There is a stone staircase leading down here.
You climb downwards.
Found 14 gold pieces.
Found an escape hatch in the ceiling.
There is a stone staircase leading up here.
You now have 234 gold pieces (gained 14).
An orc warrior comes into view. It is wielding a +0 short sword.
The orc warrior shouts!
You hear a shout!
A water moccasin comes into view.
You start waiting.
An orc warrior is nearby!
You hit the orc warrior.
The orc warrior is lightly wounded.
The orc warrior closely misses you.
You hit the orc warrior.
The orc warrior is moderately wounded.
The orc warrior hits you with a +0 short sword.
You hit the orc warrior but do no damage.
Your punch misses the orc warrior.
The orc warrior is moderately wounded.
The orc warrior hits you with a +0 short sword.
You hit the orc warrior but do no damage.
The orc warrior is moderately wounded.
The orc warrior hits you with a +0 short sword!
You hit the orc warrior.
The orc warrior is heavily wounded.
The orc warrior hits you with a +0 short sword!
You closely miss the orc warrior.
You bite the orc warrior, but do no damage.
The orc warrior is heavily wounded.
The orc warrior closely misses you.
You hit the orc warrior.
The orc warrior is heavily wounded.
The orc warrior hits you with a +0 short sword!
You fail to use your ability.
The orc warrior hits you with a +0 short sword!
* * * LOW HITPOINT WARNING * * *
You barely miss the orc warrior.
The orc warrior is heavily wounded.
The orc warrior hits you with a +0 short sword!
You die...

# .. ##### ..# ...##
.... ####..## ##...#
##......###...#.#
###..#....#.o.....#
###...##.....@#.#...^.
#............#.....##.
.#..#..<......###.# .
#.<.####.#.# .. #..##
#...# oS ....# ##... .
...#### ...# ..#.#
.... ....


You could see an orc warrior.

Vanquished Creatures
  Sigmund (D:4)
  An ogre (D:4)
  A phantom (D:4)
  Blork the orc (D:4)
  An orc priest (D:3)
  An orc wizard (D:3)
  4 adders
  An ufetubus (D:4)
  2 worms
  2 dart slugs
  5 orcs
  9 endoplasms
  2 giant cockroaches
  7 goblins
  6 hobgoblins
  9 jackals
  9 kobolds
  2 quokkas (D:1)
  6 ball pythons
  6 bats
  4 frilled lizards
  3 rats
83 creatures vanquished.

Notes
Turn   | Place    | Note
-------+----------+-------------------------------------------
     0 | D:1      | Murumi the Vampire Monk began the quest for the Orb.
     0 | D:1      | Reached XP level 1. HP: 17/17 MP: 1/1
   366 | D:1      | Reached XP level 2. HP: 18/19 MP: 2/2
   397 | D:1      | Found Qomiheq's Antique Armour Shop.
   831 | D:1      | Found a faded altar of an unknown god.
   844 | D:1      | Got Plato's Papyrus of the Mountains
  1294 | D:2      | Reached skill level 1 in Armour
  1303 | D:2      | Gained mutation: You are afflicted with vampirism and can
                  | become a bat while bloodless. [Vampire growth]
  1303 | D:2      | Reached XP level 3. HP: 23/23 MP: 3/3
  2272 | D:3      | Reached skill level 4 in Stealth
  2732 | D:3      | Reached skill level 5 in Stealth
  2732 | D:3      | Reached XP level 4. HP: 21/28 MP: 4/4
  2741 | D:3      | Reached skill level 6 in Stealth
  3432 | D:4      | Reached XP level 5. HP: 32/32 MP: 5/5
  3530 | D:4      | Noticed Sigmund
  3543 | D:4      | Killed Sigmund
  3544 | D:4      | Reached skill level 7 in Stealth
  3544 | D:4      | Reached skill level 8 in Stealth
  3544 | D:4      | Reached XP level 6. HP: 9/37 MP: 3/6
  3860 | D:4      | Reached skill level 9 in Stealth
  4354 | D:4      | Noticed Blork the orc
  4365 | D:4      | Killed Blork the orc
  4366 | D:4      | Reached skill level 5 in Dodging
  4366 | D:4      | Reached XP level 7. HP: 25/41 MP: 3/7
  4615 | D:4      | Found a staircase to the Ecumenical Temple.
  4628 | Temple   | Entered the Ecumenical Temple
  4676 | Temple   | Became a worshipper of Warmaster Okawaru
  4676 | Temple   | Reached * piety under Okawaru
  4676 | Temple   | Reached ** piety under Okawaru
  4799 | D:5      | Entered Level 5 of the Dungeon
  4877 | D:5      | Mangled by an orc warrior

Illustrated notes

Levels and vault maps discovered:
D:1:      kilobyte_arrival_exit_the_forest, layout_loops_ring, serial_shops,
          shop, shapermc_ecumenical_altar_rom_forum, minivault_27,
          kennysheep_decorative_pillar, dk_noncrumbling_4
D:2:      layout_loops_corners
D:3:      layout_basic, palyth_stone_intersect
D:4:      nicolae_cairo_tiling_large_dashed, layout_cave_pools, uniq_sigmund,
          uniq_blork_the_orc
D:5:      layout_rooms, mainiacjoe_overflow_24_doors, overflow_temple_1_default,
          minmay_fractal_squares_5
Temple:   eino_wide_crystal_templ

Skill      XL: |  1  2  3  4  5  6 |
---------------+-------------------+-----
Fighting       | 3 |  3.0
Dodging        | 4 5 |  5.0
Armour         | 1 2 |  2.1
Stealth        | 5 6 8 9 |  9.0
Long Blades    | 4 |  4.0

Action                   |  1- 3 |  4- 6 |  7- 9 || total
-------------------------+-------+-------+-------++-------
Melee: Falchion          |   133 |   102 |    15 ||   250
       Bite              |    11 |    14 |     2 ||    27
       Punch             |     1 |     2 |     1 ||     4
 Abil: Exsanguinate      |     1 |       |       ||     1
       End Transformatio |     1 |       |       ||     1
       Bat Form          |     1 |       |       ||     1
  Use: Scroll            |    10 |     2 |     2 ||    14
       Potion            |     2 |     1 |       ||     3
 Stab: Sleeping          |    17 |     7 |     2 ||    26
Armor: Robe              |     5 |       |       ||     5
       Scale mail        |    33 |    24 |     2 ||    59
Dodge: Dodged            |    86 |    51 |     7 ||   144

Table legend: (Time is in decaauts)
 A = Elapsed time spent in this place.
 B = Non-inter-level travel time spent in this place.
 C = Inter-level travel time spent in this place.
 D = Time resting spent in this place.
 E = Time spent auto-exploring this place.
 F = Levels seen in this place.
 G = Mean time per level.
                   A        B        C        D        E       F      G
               +--------+--------+--------+--------+--------+-----+--------+
         Total |   4901 |   4508 |    393 |    314 |   3390 |   6 |  816.8 |
       Dungeon |   4841 |   4462 |    379 |    314 |   3357 |   5 |  968.2 |
        Temple |     59 |     46 |     13 |      0 |     33 |   1 |   59.0 |
               +--------+--------+--------+--------+--------+-----+--------+

Top non-repeatable levels by time:
     D:3: 1481 daAuts
     D:1: 1268 daAuts
     D:4: 1072 daAuts
     D:2: 987 daAuts
  Temple: 59 daAuts
     D:5: 31 daAuts
